 Dungeon Crawl Stone Soup version 0.30-a0-964-gd452b5e7fa (webtiles) character file.

Game seed: 7026544886560165373

63 mopl the Magician (level 4, -1/27 HPs)
             Began as an Octopode Hedge Wizard on Mar 30, 2023.
             Hit by a goblin thrown by Robin (3 damage)
             ... on level 2 of the Dungeon.
             The game lasted 00:02:53 (1398 turns).

mopl the Magician (Octopode Hedge Wizard)           Turns: 1398, Time: 00:02:54

Health: -1/27      AC:  1    Str:  9    XL:     4   Next: 9%
Magic:  6/9        EV: 13    Int: 18    God:
Gold:   35         SH:  0    Dex: 11    Spells: 4/10 levels left

rFire   + . .      SeeInvis .    a - +1 dagger (venom)
rCold   . . .      Faith    .    (no shield)
rNeg    . . .      Spirit   .    h - +0 hat
rPois   .          Reflect  .    (no amulet)
rElec   .          Rampage  .    g - ring of protection from fire
rCorr   .                        (no ring)
Will    .....                    (no ring)
Stlth   +++                      (no ring)
HPRegen 0.24/turn                (no ring)
MPRegen 0.11/turn                (no ring)
                                 (no ring)
                                 (no ring)

@: on blink cooldown
A: almost no armour, amphibious, 8 rings, camouflage 1, gelatinous body 1,
(nimble swimmer 1), tentacles
a: no special abilities


You were on level 2 of the Dungeon.
You visited 1 branch of the dungeon, and saw 2 of its levels.

You collected 35 gold pieces.

Inventory:

Hand Weapons
 a - a +1 dagger of venom (weapon)
 b - a +0 short sword of protection
Armour
 h - a +0 hat (worn)
Jewellery
 g - a ring of protection from fire (left tentacle)
Scrolls
 f - a scroll of blinking {unknown}
 l - a scroll of identify {unknown}
 m - a scroll of acquirement {unknown}
Potions
 c - a potion of magic
 d - a potion of degeneration {unknown}
 e - a potion of curing {unknown}
 i - a potion of resistance {unknown}
 j - a potion of invisibility {unknown}
 k - 2 potions of heal wounds {unknown}


   Skills:
 - Level 2.0 Dodging
 - Level 2.6 Stealth
 + Level 3.5 Spellcasting
 + Level 2.2 Conjurations
 - Level 1.0 Summonings
 + Level 2.1 Translocations
 + Level 1.1 Poison Magic


You had 4 spell levels left.
You knew the following spells:

 Your Spells              Type           Power      Damage    Failure   Level
a - Magic Dart            Conj           44%        1d5       6%          1
c - Mephitic Cloud        Conj/Pois/Air  7%         N/A       28%         3
e - Blink                 Tloc           20%        N/A       10%         2

Your spell library contained the following spells:

 Spells                   Type           Power      Damage    Failure   Level
 Slow                     Hex            12%        N/A       16%         1
 Call Imp                 Summ           6%         N/A       16%         2
 Cigotuvi's Dreadful Rot  Necr/Pois/Air  8%         N/A       21%         2


Dungeon Overview and Level Annotations

Branches:
Dungeon (2/15)

Altars:

Annotations:
D:2 Robin


Innate Abilities, Weirdness & Mutations

You cannot wear most types of armour.
You are amphibious.
You can wear up to eight rings at the same time.
Your skin changes colour to match your surroundings (Stealth+).
Your rubbery body absorbs attacks. (AC +1, EV +1)
((You are camouflaged when in or above water. (Stealth+)))
You have tentacles for arms and can constrict up to eight enemies at once.


Message History

A goblin comes into view. It is wielding a +0 club.
The hobgoblin attacks as you move away! The hobgoblin hits you.
You closely miss the hobgoblin. Your grab misses the hobgoblin.
You squeeze the hobgoblin.
You kill the hobgoblin!
Robin throws the goblin at you! The goblin hits you with a +0 club.
The goblin no longer looks unusually strong.
The goblin closely misses you. The goblin hits you with a +0 club.
You barely miss the goblin. Your grab misses the goblin.
The goblin hits you with a +0 club.
You hit the goblin.
You kill the goblin!
You hit Robin.
Robin is poisoned.
You grab Robin.
Robin is lightly wounded.
You constrict Robin, but do no damage.
Robin's bangles clink loudly.
Robin escapes!
You hit Robin.
Robin looks even sicker.
Your grab misses Robin.
Robin is moderately wounded.
Robin hits you with a +0 whip. The hobgoblin hits you.
* * * LOW HITPOINT WARNING * * *
Unknown command.
You closely miss the hobgoblin. You grab the hobgoblin.
You constrict the hobgoblin. Robin hits you with a +0 whip.
* * * LOW HITPOINT WARNING * * *
The hobgoblin hits you.
* * * LOW HITPOINT WARNING * * *
Unknown command.
Unknown command.
Casting: Magic Dart (safe; 6% risk of failure)
Confirm with . or Enter, or press ? or * to list all spells.
You blink.
You lose your grip on the hobgoblin.
Robin roars a battlecry!
The goblins go into a battle-frenzy!
A hobgoblin comes into view. It is wielding a +0 hand axe.
Unknown command.
Unknown command.
Robin throws the goblin at you!
You die...

#.##........... #.
#.##.##.#...... #.
#..†......#...# ##
#.. ##
#########...... .
#...#. ..# #.##### #
#...#.#####.#####.# #
#.........#.......#
##...#g##........#.#
.......@......#..#
............g....#
...........g.)#######
.
....g..###.##....#..
## .#.....
...##..g.#.# #
#...#.# ######.#.###
#...#. #.......#
#...#.#######.##.##.#
.. .g..g..gg##†##.###


You could see Robin (very poisoned), 2 hobgoblins and a goblin (strong).

Vanquished Creatures
  2 adders (D:2)
  A dart slug (D:2)
  7 endoplasms
  A giant cockroach (D:1)
  3 hobgoblins
  5 quokkas
  A ball python (D:2)
  2 bats (D:1)
  A frilled lizard (D:2)
  9 goblins
  3 kobolds (D:1)
  2 rats (D:1)
37 creatures vanquished.

Notes
Turn   | Place    | Note
-------+----------+-------------------------------------------
     0 | D:1      | mopl the Octopode Hedge Wizard began the quest for the Orb.
     0 | D:1      | Reached XP level 1. HP: 11/11 MP: 4/4
    72 | D:1      | Reached XP level 2. HP: 17/17 MP: 0/6
    75 | D:1      | Learned a level 2 spell: Blink
   666 | D:1      | Reached XP level 3. HP: 21/21 MP: 4/7
   670 | D:1      | Learned a level 3 spell: Mephitic Cloud
  1121 | D:2      | Reached skill level 2 in Conjurations
  1121 | D:2      | Reached skill level 2 in Translocations
  1265 | D:2      | Noticed Robin
  1288 | D:2      | Reached skill level 1 in Poison Magic
  1289 | D:2      | Reached XP level 4. HP: 20/27 MP: 1/9
  1395 | D:2      | HP: 1/27 [hobgoblin[Robin] (4)]
  1398 | D:2      | Hit by a goblin thrown by Robin

Illustrated notes

Levels and vault maps discovered:
D:1:      dpeg_arrival_court, layout_basic, chequers_jeans, serial_park_tiny_1
D:2:      layout_loops_cross, uniq_robin, uniq_jessica

Skill      XL: |  1  2  3 |
---------------+----------+-----
Conjurations   | 2 |  2.2
Translocations | 2 |  2.1
Poison Magic   | 1 |  1.1
Dodging        | |  2.0
Stealth        | |  2.6
Spellcasting   | |  3.5
Summonings     | |  1.0

Action                     |  1- 3 |  4- 6 || total
---------------------------+-------+-------++-------
  Melee: Dagger            |    51 |     7 ||    58
         Constrict         |    15 |     2 ||    17
         Tentacles         |    10 |     1 ||    11
         Short sword       |     6 |       ||     6
         Punch             |     2 |       ||     2
   Cast: Magic Dart        |    25 |     3 ||    28
         Blink             |     2 |     1 ||     3
         Mephitic Cloud    |     1 |       ||     1
   Stab: Sleeping          |     6 |       ||     6
 Armour: Skin              |     5 |     1 ||     6
  Dodge: Dodged            |    34 |     2 ||    36

Table legend: (Time is in decaauts)
 A = Elapsed time spent in this place.
 B = Non-inter-level travel time spent in this place.
 C = Inter-level travel time spent in this place.
 D = Time resting spent in this place.
 E = Time spent auto-exploring this place.
 F = Levels seen in this place.
 G = Mean time per level.
                   A        B        C        D        E       F      G
               +--------+--------+--------+--------+--------+-----+--------+
         Total |   1398 |   1388 |     10 |    236 |    844 |   2 |  699.0 |
       Dungeon |   1398 |   1388 |     10 |    236 |    844 |   2 |  699.0 |
               +--------+--------+--------+--------+--------+-----+--------+

Top non-repeatable levels by time:
     D:1: 990 daAuts
     D:2: 408 daAuts
